[Event "CIS Master Groups 2024"]
[Site "Vasto"]
[Date "2024.04.10"]
[Round "4.5"]
[White "Sonis, Francesco"]
[Black "Chatalbashev, Boris"]
[Result "1-0"]
[ECO "A37"]
[WhiteElo "2562"]
[BlackElo "2451"]
[Annotator "TA"]
[PlyCount "175"]
[EventDate "2024.04.07"]
[EventType "team-tourn"]
[EventCountry "ITA"]
[SourceTitle "playchess.com"]
[Source "ChessBase"]
[SourceQuality "1"]
[TimeControl "40/5400+30:900+30"]

1. c4 c5 2. Nf3 Nc6 3. Nc3 e5 4. g3 g6 5. Bg2 Bg7 6. d3 d6 7. Nd2 Nge7 8. Nf1 O-O 9. Ne3 a6 {[%emt 0:01:17] The position is equal.} 10. O-O b5 11. f4 (11. cxb5 $11 axb5 12. Nxb5) 11... Rb8 12. Ned5 b4 13. Ne4 f5 14. Nf2 Kh8 15. a3 bxa3 16. Rxa3 Nxd5 17. Bxd5 Nb4 18. Bg2 exf4 19. gxf4 Be6 20. b3 d5 21. e3 d4 22. e4 fxe4 23. Nxe4 Qc7 24. Bd2 Bc8 (24... Nxd3 $2 25. Ba5 (25. Rxa6 Qe7 $17) 25... Qd7 26. Qxd3 $18) 25. Qe2 Bb7 26. Raa1 Bh6 27. Rf2 Rbe8 28. Qf3 Qe7 29. Qh3 Bg7 (29... Nxd3 $15 30. Qxd3 Bxe4 31. Qxe4 Qxe4 32. Bxe4 Rxe4) 30. Ng5 h6 31. Bxb7 Qxb7 32. Bxb4 Re3 $1 33. Rf3 cxb4 (33... Qxb4 34. Ne6 Rf6 35. Nxg7 (35. Rxa6 Rxf3 36. Qxf3 Qe1+ 37. Qf1 Qe3+ 38. Qf2 Rxe6 $19) (35. Rxe3 dxe3 36. Nxg7 Qc3 $11) 35... Kxg7 36. Rxe3 dxe3 37. Qxe3) 34. Raf1 Rxf3 35. Rxf3 Qc6 (35... a5 $11 {deserves consideration.}) 36. Qe6 $14 Qxe6 (36... Rf6 $14 37. Qxc6 Rxc6) 37. Nxe6 {[%emt 0:00:06][%mdl 4096] Endgame. KRB-KRN} Re8 38. Nc7 {[%emt 0:01:01][%csl LRa6,LRe8] White is more active.} Re1+ 39. Rf1 $1 Re3 40. Rd1 a5 (40... Bf8 $16) 41. Nd5 $18 Re2 42. Ra1 g5 43. c5 ({White should try} 43. Rxa5 $18 {Black must now prevent c5.} gxf4 44. Nxb4 (44. Nxf4 Rb2 $16)) 43... gxf4 $14 44. c6 {[%emt 0:00:00][%cal Oc6c7] And now c7! would win.} Be5 45. c7 (45. Rxa5 {keeps more tension.} f3 46. Ra8+ Kg7 47. c7) 45... Bxc7 46. Nxc7 {[%emt 0:00:00][%cal Oc7d5] Strongly threatening Nd5! KRN-KR} Rd2 (46... Rb2 $1 $14) 47. Rxa5 (47. Ne6 $16 Rxd3 48. Rxa5 (48. Nxf4 Rxb3 49. Rxa5 Rf3 $14)) 47... Rxd3 48. Ra7 Rxb3 49. Nd5 {[%emt 0:00:12][%cal Od5f6] Nf6! would kill now.} Kg8 50. Nxf4 Rf3 51. Nd5 b3 52. Kg2 Rd3 53. Rb7 Kf8 54. h4 Ke8 55. h5 Kf8 56. Rb8+ Kf7 57. Rb7+ Kf8 $1 58. Kf2 Rd2+ 59. Kf3 Rh2 $2 (59... b2 $14) 60. Nf4 $18 (60. Rxb3 $2 Rh3+ (60... Rxh5 61. Nf4 $14) 61. Ke4 Rxb3 $19) 60... b2 61. Ke4 $2 (61. Kg4 $1 $18 {and the rest is easy.}) 61... Rd2 $2 (61... Ke8 $16) 62. Nd3 $2 (62. Ke5 $18) 62... Rh2 $14 63. Nf4 $2 (63. Rxb2 Rxh5 64. Rb8+ (64. Kxd4 Ke7 $11) 64... Ke7) (63. Kf5 $14 Rxh5+ 64. Kf6) 63... Rd2 $1 $18 64. Ke5 Kg8 65. Rb8+ $2 (65. Kf5 $1 $18 {[%cal Rf5g6] is the precise move to win. Kg6 would now be deadly.} Rf2 66. Ke4) 65... Kf7 $16 66. Rb7+ $2 (66. Rb4 $16) 66... Kg8 $1 $18 67. Kf5 Rf2 68. Ke4 Rd2 69. Ke5 $2 (69. Rb5 Rh2 70. Kxd4) 69... Rf2 $2 (69... d3 {is tougher.}) 70. Rb6 Kf7 71. Rb5 $2 (71. Rxh6 $2 b1=Q (71... b1=B 72. Rb6 $11) 72. Rf6+ Kg8 73. Rg6+ Kh7 $19) (71. Nd3 $1 $18 Rh2 72. Rb7+ (72. Kxd4 Rxh5 73. Rxb2 Rh4+ 74. Ke5 Rh5+ 75. Kf4 Rh1 $14) 72... Ke8 73. Nxb2 (73. Rxb2 Rxh5+ 74. Ke6 Kd8 $14)) 71... Rd2 $16 72. Ke4 {[%emt 0:01:09] Hoping for Nd3.} Kf6 (72... Rh2 $16) 73. Nd3 $18 Rg2 {[%emt 0:00:38] [#]} 74. Nf4 (74. Rxb2 Rxb2 75. Nxb2 Kg5 $11) (74. Kxd4 $6 Rg4+ 75. Ke3 Rg5 76. Rb6+ (76. Rxb2 Rxh5 77. Rb7 Rh3+ 78. Ke2 h5 $14) 76... Kf5 $16) (74. Nxb2 Rg4+ 75. Kf3 Rg5 76. Rb6+ Kg7 $18) ({Only move:} 74. Kf3 $1 $18 Rg1 75. Rxb2) 74... Rd2 $1 $14 75. Nd3 {[%emt 0:00:34] Wards off Rf2} (75. Nh3 $14) 75... Rg2 $1 $18 {[%emt 0:00:03] [#]} 76. Kf3 $1 {[%emt 0:00:12] Prevents Rg4.} ({Stronger than} 76. Rxb2 Rxb2 77. Nxb2 Kg5 $11) (76. Kxd4 $6 Rg5 77. Rxb2 Rxh5 $11) (76. Nxb2 $6 Rg4+ 77. Kf3 Rg5 78. Rb6+ Kg7 $14) 76... Rc2 $2 (76... Rg1 77. Rxb2 Kg5) 77. Nxb2 (77. Rxb2 Rxb2 78. Nxb2 Kg5 $11) 77... Rc3+ 78. Ke4 Re3+ 79. Kf4 Rc3 80. Rb6+ Kg7 81. Rb5 Kf6 82. Rd5 {[%emt 0:00:17] White is clearly winning.} Rh3 83. Kg4 Rb3 84. Nc4 d3 85. Rd6+ Ke7 86. Rd4 {[%emt 0:00:08] Kf5 is the strong threat.} ({And not} 86. Rxh6 Rb4 87. Rh7+ Ke8 88. Rh8+ Kf7 $11) 86... Rb4 87. Kf5 d2 88. Re4+ {[%emt 0:00:07] Weighted Error Value: White=0.15 (very precise) /Black=0.24 (precise) .  Loses game:     	---       	Black=2      Missed win:     	White=3     	---        Mistake:       	White=6     	Black=7      Inaccurate:     	White=3     	Black=4      OK:         	White=21    	Black=23     Best:        	White=4     	Black=6      Strong:       	White=2     	Black=6} 1-0

[Event "CIS Master Groups 2024"]
[Site "Vasto"]
[Date "2024.04.10"]
[Round "4.6"]
[White "Genocchio, Daniele"]
[Black "Paltrinieri, Nicholas"]
[Result "0-1"]
[ECO "A04"]
[WhiteElo "2375"]
[BlackElo "2355"]
[Annotator "TA"]
[PlyCount "58"]
[EventDate "2024.04.07"]
[EventType "team-tourn"]
[EventCountry "ITA"]
[SourceTitle "playchess.com"]
[Source "ChessBase"]
[SourceQuality "1"]
[TimeControl "40/5400+30:900+30"]

1. Nf3 e6 2. g3 f5 3. Bg2 Nf6 4. O-O Nc6 5. d4 Be7 6. b3 (6. c4 $14 {is superior.}) 6... Ne4 $11 7. Bb2 d5 8. c4 {[%emt 0:14:53] The position is equal.} h5 9. e3 h4 10. Nbd2 (10. Qe2 $14) 10... hxg3 11. hxg3 Bb4 (11... Bd6 {seems wilder.} 12. c5 Bf8 13. b4 Nxb4 14. Ne5 Bd7) 12. Nxe4 dxe4 13. Nh4 Be7 (13... Rh7 $15 14. a3 Bd6) 14. Ng6 $14 Rh6 15. Nxe7 Qxe7 16. f4 (16. f3 $14) 16... Bd7 17. d5 Nb4 {[%emt 0:08:47] ...Nd3 would now be deadly.} 18. Ba3 $1 {[%emt 0:00:16][%cal Od5d6] Threatens to win with d6!} a5 19. dxe6 Bxe6 20. Rf2 {[%emt 0:04:20] [#]} (20. Bxb4 $15 axb4 21. Qd4) 20... Qc5 {[%emt 0:03:58] Black is more active.} (20... Qf6 $1 $17 {White must now prevent ...Rd8.} 21. Bxb4 axb4) 21. Qd4 (21. Qe1 $15 {should be considered.}) 21... Qxd4 $17 22. exd4 Rg6 23. d5 {[%emt 0:00:39] [#]} Bd7 {[%emt 0:00:25] And now ...Kf7 would win.} 24. Kh2 $2 {[%emt 0:03:16] White does not recover from this.} (24. Bf1 $17) 24... Kf7 $19 25. Bh3 Nd3 26. Re2 Rh8 {[%emt 0:02:53] aiming for ...Rgh6.} 27. Rh1 c6 28. dxc6 (28. Rd2 $142) 28... Bxc6 {[%emt 0:00:49][%cal Oh8h3] ( -> ...Rxh3+!)} 29. Re3 Nf2 {[%emt 0:00:46][%csl LRh1,LRh3] Weighted Error Value: White=0.51/Black=0.12 (very precise) .  Loses game:     	White=1     	---        Mistake:       	White=5     	Black=2      Inaccurate:     	White=2     	---        OK:         	White=7     	Black=11     Best:        	White=1     	Black=1      Strong:       	White=1     	---} 0-1

[Event "CIS Master Groups 2024"]
[Site "Vasto"]
[Date "2024.04.10"]
[Round "4.7"]
[White "Di Paolo, Raffaele"]
[Black "Lezzerini, Marco"]
[Result "0-1"]
[ECO "B30"]
[WhiteElo "2290"]
[BlackElo "2110"]
[Annotator "TA"]
[PlyCount "108"]
[EventDate "2024.04.07"]
[EventType "team-tourn"]
[EventCountry "ITA"]
[SourceTitle "playchess.com"]
[Source "ChessBase"]
[SourceQuality "1"]
[TimeControl "40/5400+30:900+30"]

1. e4 c5 2. Nf3 e6 3. d3 Nc6 4. g3 Nf6 5. Bg2 d6 6. a4 {[%emt 0:02:30] B30: Sicilian: 2...Nc6 3 Bb5, lines without ...g6.} Be7 7. O-O O-O 8. c3 Bd7 9. Na3 Rc8 10. Re1 e5 $146 ({Predecessor:} 10... Qc7 11. Nc4 a6 12. a5 Ne5 13. Nfxe5 dxe5 14. f4 exf4 15. Bxf4 Qd8 16. Nb6 Rc6 {0-1 Adla,D (2383)-Serra Canals,O (2158) Titled Tuesday intern op 14th Nov Early blitz 2023 (7)}) 11. Nc4 Re8 12. Bg5 Be6 13. Qc1 Ng4 (13... Nxe4 $5 14. Bxe7 (14. Rxe4 d5 $15) 14... Qxe7 $11) 14. Bd2 Bxc4 15. dxc4 Na5 16. Bh3 h5 $1 17. Qd1 Nxc4 18. Bc1 Qb6 19. Qe2 Na5 20. Nd2 Rcd8 21. Bxg4 hxg4 22. Qxg4 Nb3 23. Nxb3 Qxb3 24. Bh6 Bf8 25. Bg5 Be7 26. h4 Qe6 (26... Qxb2 {is interesting.} 27. Bh6 Bf6 28. c4 Qb6) 27. Qxe6 fxe6 28. Bxe7 Rxe7 29. c4 d5 30. exd5 exd5 31. Rad1 d4 32. Re4 Kf7 33. Rde1 Rde8 34. Kg2 b6 35. g4 a6 36. Kg3 Kf6 37. Rd1 b5 38. cxb5 (38. axb5 axb5 39. cxb5 Rb7 $15) 38... axb5 39. Rc1 Rc7 (39... bxa4 $11 40. Rxc5 Rd8) 40. f4 ({White should play} 40. axb5 $14 Rb8 41. Rce1) 40... bxa4 $11 41. fxe5+ $1 Rxe5 42. g5+ $2 (42. Rxd4 $11 cxd4 43. Rxc7) 42... Ke6 $19 43. Rxd4 cxd4 44. Rxc7 d3 45. Rc1 (45. Rxg7 $2 d2 46. Rg6+ Kd7 $19 (46... Kd5 $2 47. Rg7 $19)) 45... Kd5 46. Kf2 $2 (46. Rc7 {was the only defense.}) 46... Re2+ 47. Kf3 Rc2 48. Rd1 $2 {[%emt 0:00:00] [#]} (48. Rh1) 48... Kc4 $1 $19 (48... Rxb2 49. Rxd3+ Ke6 50. Rd8 $11) 49. h5 (49. Ra1 $142 Kb4 (49... Rxb2 50. Rxa4+ Kc3 51. Ra7 $11) (49... Kb3 50. Ra3+ Kxb2 51. Rxa4 $11) 50. Rd1 Rxb2 (50... Kc4 51. Ra1 $17) 51. Rxd3) 49... Rxb2 $19 50. h6 gxh6 51. gxh6 Rh2 52. Ke3 Rh3+ 53. Ke4 Kc3 54. h7 d2 0-1

[Event "CIS Master Groups 2024"]
[Site "Vasto"]
[Date "2024.04.10"]
[Round "4.9"]
[White "Lazic, Miroljub"]
[Black "Dardha, Daniel"]
[Result "1-0"]
[ECO "D02"]
[WhiteElo "2311"]
[BlackElo "2630"]
[Annotator "TA"]
[PlyCount "112"]
[EventDate "2024.04.07"]
[EventType "team-tourn"]
[EventCountry "ITA"]
[SourceTitle "playchess.com"]
[Source "ChessBase"]
[SourceQuality "1"]
[TimeControl "40/5400+30:900+30"]

1. Nf3 d5 2. g3 Nc6 3. d4 Bf5 4. Bg2 Nb4 5. Na3 e6 6. c3 {[%emt 0:00:44] D02: 1 d4 d5 2 Nf3 sidelines, including 2...Nf6 3 g3 and 2...Nf6 3 Bf4.} Nc6 7. Nb1 Be7 {[%emt 0:01:44] 7...h6 is becoming the main line.} 8. O-O Nf6 9. Nbd2 Ne4 10. Nxe4 Bxe4 11. Ne1 Bxg2 12. Nxg2 Qd7 $146 ({Predecessor:} 12... h5 13. Re1 h4 14. e4 hxg3 15. hxg3 dxe4 16. Qg4 Qd5 17. Qxe4 Qh5 18. Nf4 Qh2+ 19. Kf1 O-O-O 20. Be3 g5 {0-1 Simon del Sol,J (1984)-Lopez Agustench,E (2236) Roncana op-A 12th 2018 (5)}) 13. e4 dxe4 14. Qg4 e5 15. Qxg7 O-O-O 16. Be3 {[%emt 0:01:28] [#]} (16. Qxf7 $15 Rhf8 (16... exd4 17. Bf4 $11) 17. Qxh7 Rh8) 16... Qf5 $1 $17 17. Qh6 Rd6 18. Qg7 Rhd8 19. Rad1 (19. b4 $17 {was necessary.}) 19... h5 (19... exd4 $19 20. Bf4 Rd5) 20. d5 $2 {[%emt 0:01:21] [#]} (20. b4 $17 {keeps fighting.}) 20... Rxd5 $2 (20... Rg6 $1 $19 {[%cal Rg6g7] is more deadly.} 21. Qh7 Na5 (21... Qf3 22. h4 $11)) 21. Rxd5 $17 Rxd5 22. Bxa7 Rd2 ({Reject} 22... Nxa7 23. Ne3 Qe6 24. Nxd5 Qxd5 25. Qh8+ Bd8 26. Qxh5 $11) 23. Be3 Rxb2 24. Qg8+ Nd8 25. Bc1 Rxa2 26. Ne3 Qg6 27. Qh8 h4 (27... Bd6 $17 28. Nc4 f6) 28. Nd5 $1 $15 Bd6 $1 29. Qxh4 Ra1 (29... f5 $17 30. Ne7+ Bxe7 31. Qxe7 Ne6) 30. Bg5 $11 Rxf1+ 31. Kxf1 e3 $1 32. Nxe3 $1 Ne6 33. Be7 Bxe7 (33... Qd3+ $11 34. Kg1 Qxc3) 34. Qxe7 $16 b6 35. Qe8+ ({White should play} 35. h4) 35... Kb7 $16 36. Qb5 Nc5 37. h4 ({White should try} 37. Qc4 $16) 37... f5 $11 38. Qe2 Qc6 39. Kg1 $1 f4 40. Ng4 $1 e4 41. gxf4 Qg6 42. Kh2 Qf5 43. Kg3 Ne6 $1 44. Qe3 Ng7 45. f3 Nh5+ (45... exf3 $16 46. Qxf3+ (46. Kxf3 Qf7 $16) 46... c6) 46. Kf2 $18 exf3 (46... Ka7 {is a better defense.}) 47. Kxf3 $18 ({Not} 47. Qxf3+ c6 $11) 47... Qb5 $2 (47... Qd7 48. Qd4 Qxd4 49. cxd4 b5) 48. Qe5 $18 Qc6+ 49. Qe4 b5 50. Ne5 Qxe4+ 51. Kxe4 c5 52. Kf5 Ng3+ 53. Kg6 Kc7 54. h5 Nxh5 55. Kxh5 Kd6 56. Nd3 Kd5 1-0

[Event "CIS Master Groups 2024"]
[Site "Vasto"]
[Date "2024.04.10"]
[Round "4.10"]
[White "Basso, Pier Luigi"]
[Black "Seresin, Francesco"]
[Result "1-0"]
[ECO "B12"]
[WhiteElo "2507"]
[BlackElo "2336"]
[Annotator "TA"]
[PlyCount "199"]
[EventDate "2024.04.07"]
[EventType "team-tourn"]
[EventCountry "ITA"]
[SourceTitle "playchess.com"]
[Source "ChessBase"]
[SourceQuality "1"]
[TimeControl "40/5400+30:900+30"]

1. e4 c6 2. d4 d5 3. e5 c5 4. Nf3 cxd4 5. Qxd4 Nc6 6. Qf4 e6 7. Nc3 Nb4 8. Qd2 {[%emt 0:00:08] The position is equal.} a6 {[%emt 0:09:56] Against Nb5} 9. a3 Nc6 10. Bd3 f6 11. exf6 (11. Qe2 {simplifies} fxe5 12. Nxe5 Nxe5 13. Qxe5 Nf6 14. Bf4) 11... Nxf6 12. Qg5 Kf7 13. Bf4 Bd6 14. O-O {[%emt 0:05:11] White is much more active.} Rf8 15. Rae1 Kg8 16. Bxd6 Qxd6 17. Ne5 Nxe5 (17... h6 $1 $11 18. Qg3 Nh5) 18. Qxe5 $14 Qxe5 19. Rxe5 Bd7 20. f3 Kf7 21. Rfe1 Rae8 22. h3 g6 23. Ne2 Ke7 24. f4 Kd6 25. g3 Ng8 26. Nd4 Nh6 27. Nf3 Nf7 {[%emt 0:00:34] Inhibits Ng5.} 28. R5e2 Rg8 29. h4 h6 30. Ne5 Nxe5 31. Rxe5 ({Of course not} 31. fxe5+ Kc5 $17) 31... Ref8 32. c3 (32. Kh2 $14) 32... a5 33. R1e3 b6 34. Kg2 Rf6 35. Be2 b5 36. b4 axb4 37. axb4 Ra8 38. h5 gxh5 39. Bxh5 Ra2+ 40. Re2 Ra3 41. R5e3 Bc6 42. Bf3 Ra1 43. Kf2 Bd7 44. Rd3 Bc6 45. Rdd2 Ra3 46. Re3 Ra1 47. Re1 Ra3 48. Rc1 e5 49. fxe5+ Kxe5 50. Kg2 Kd6 51. Rcc2 Re6 52. Kf2 Rf6 53. Rd4 Ke5 54. Ke3 Rg6 55. g4 Rf6 56. Rc1 Kd6 57. Rf4 Rxf4 58. Kxf4 $11 {[%emt 0:00:02][%mdl 4096] Endgame. KRB-KRB} Ra7 59. Kg3 Rf7 60. Bg2 Rf6 61. Ra1 Re6 62. Rh1 Rf6 63. Rh5 Bb7 64. Rh2 Bc6 65. Bf3 Bd7 66. Ra2 Bc6 67. Ra7 Re6 68. Kf2 Rf6 {[%emt 0:00:11][%cal Od5d4] Threatens to win with ...d4!} 69. Ke2 Re6+ 70. Kd2 d4 71. Bxc6 dxc3+ 72. Kxc3 Kxc6 {[%emt 0:00:05] KR-KR} 73. Kd4 Kb6 {[%emt 0:00:38] Inhibits Ra6+.} 74. Rg7 Kc6 75. Rg8 Kd6 76. Ra8 {[%emt 0:00:09] White threatens Ra6+ and mate.} Kc7 77. Rg8 Kd6 78. Rb8 Kc6 {[%emt 0:00:12] Dodges Rb6+} 79. Ra8 Kc7 80. Ra7+ Kb6 81. Rg7 Kc6 82. Kd3 Kb6 83. Rd7 Kc6 84. Ra7 Kb6 85. Rg7 Kc6 86. Kd4 Kb6 87. Kd5 Rc6 88. Re7 {[%emt 0:00:47] Intending Re6 and mate.} Rc4 89. Re4 Rc1 90. Re6+ Kb7 91. Rxh6 {[%emt 0:00:05] aiming for g5.} Rc4 $1 92. g5 Rxb4 93. Ke5 {[%emt 0:03:20] g6 would now be deadly.} Rg4 94. Kf5 Rg1 95. Re6 {[%emt 0:00:19] Strongly threatening g6.} Rf1+ 96. Kg6 Rb1 97. Kf7 b4 $2 {[%emt 0:00:09][%mdl 8192] [#]} (97... Rf1+ $11 98. Kg7 b4) 98. Rf6 $1 $18 {[%emt 0:00:28] g6 would kill now.} b3 {[%emt 0:00:24] [#]} 99. g6 $2 (99. Rf3 $1 {mates} Kc8 100. g6 b2 101. Rf2 Kd7 102. g7 Rd1 103. Rxb2 (103. g8=R $2 {is the wrong capture.} b1=Q $19) 103... Rf1+ 104. Kg8) 99... Kc7 $2 (99... Ra1 $11 100. Rf2 (100. Rf3 Ra3 $11) 100... Ra2) 100. g7 {[%emt 0:00:43] Weighted Error Value: White=0.08 (flawless) /Black=0.08 (flawless) .  Loses game:     	---       	Black=1      Mistake:       	White=1     	Black=1      Inaccurate:     	White=4     	Black=5      OK:         	White=28    	Black=44     Best:        	White=3     	Black=3      Strong:       	White=1     	Black=1} 1-0

[Event "CIS Master Groups 2024"]
[Site "Vasto"]
[Date "2024.04.10"]
[Round "4.11"]
[White "Titze, Leo"]
[Black "Di Benedetto, Edoardo"]
[Result "0-1"]
[ECO "E48"]
[WhiteElo "2219"]
[BlackElo "2400"]
[Annotator "TA"]
[PlyCount "148"]
[EventDate "2024.04.07"]
[EventType "team-tourn"]
[EventCountry "ITA"]
[SourceTitle "playchess.com"]
[Source "ChessBase"]
[SourceQuality "1"]
[TimeControl "40/5400+30:900+30"]

1. d4 Nf6 2. c4 e6 3. Nc3 Bb4 4. e3 O-O 5. Bd3 c5 6. Nge2 cxd4 7. exd4 d5 8. O-O dxc4 9. Bxc4 Nbd7 10. Bg5 Nb6 11. Bd3 h6 12. Bxf6 Qxf6 13. Ne4 Qe7 14. Nf4 Nd5 (14... Rd8 $15) 15. Qf3 Nxf4 16. Qxf4 Rd8 17. Nc3 Qf6 18. Qxf6 gxf6 19. Rfd1 f5 (19... Rxd4 $2 {loses.} 20. Bh7+ Kxh7 21. Rxd4 $16) 20. Be2 Bf8 21. f4 Bg7 22. d5 Bxc3 23. bxc3 exd5 24. Rab1 Rb8 25. Bf3 Be6 26. Rd4 b5 (26... Rd7 $1 $15) 27. a4 $11 bxa4 28. Ra1 (28. Rxb8 $11 Rxb8 29. Rxa4) 28... Rbc8 (28... Rdc8 $15) 29. Raxa4 Rxc3 30. Rxa7 Rc4 31. Ra4 Rb8 32. Kf2 Rb2+ 33. Ke3 Kf8 34. Ra3 Ke7 35. Rxc4 dxc4 36. Kd4 Rb3 37. Ra7+ (37. Rxb3 $1 $11 cxb3 38. Kc3) 37... Kf6 $15 38. Rc7 (38. Be2 $15) 38... Rd3+ $19 39. Kc5 Rd2 40. Kb4 {[%emt 0:01:26] [#]} (40. Rc6 $17) 40... Rd4 $1 $19 41. Kc3 Rd3+ (41... Rxf4 $19 42. Ra7 Rh4) 42. Kc2 $15 Kg7 43. Be2 Re3 44. Kd2 Re4 45. Bf3 ({White should try} 45. g3 $11) 45... Rd4+ 46. Kc3 ({Better is} 46. Ke3 $15 Rd3+ 47. Ke2) 46... Rd3+ (46... Rxf4 $19 {And now ...Rh4 would win.} 47. h3 Kf6) 47. Kb4 Kf8 48. h3 {[%emt 0:00:00] [#]} (48. Ra7 $142) 48... Ke8 ({Black should play} 48... Rd4 $1 49. Be2 Rxf4 50. Bxc4 Rf2) 49. Ra7 $17 Rb3+ 50. Kc5 c3 51. Kd4 $2 (51. Ra1 $15) 51... c2 $19 52. Rc7 Rb2 53. Bd5 $2 (53. Ke3) 53... c1=Q $19 54. Rxc1 Rd2+ 55. Ke5 Rxd5+ 56. Kf6 Rd4 57. g3 Kf8 58. Rc6 Kg8 59. Ra6 Rc4 60. Rd6 Rc7 61. Rd1 Rc6 62. Rd8+ Kh7 63. Rd2 Rc3 64. Rg2 Rc8 65. g4 (65. Re2 $142) 65... fxg4 $19 66. hxg4 Rc6 67. Ke7 Kg7 68. f5 Bd5 69. Rg1 Rc2 70. g5 Re2+ 71. Kd6 Bg2 72. gxh6+ Kxh6 73. Ra1 Kg5 74. Ra5 f6 0-1

[Event "CIS Master Groups 2024"]
[Site "Vasto"]
[Date "2024.04.10"]
[Round "4.12"]
[White "Ladron De Guevara Pinto, Paolo"]
[Black "Botta, Massimiliano"]
[Result "1-0"]
[ECO "E92"]
[WhiteElo "2394"]
[BlackElo "2188"]
[Annotator "TA"]
[PlyCount "59"]
[EventDate "2024.04.07"]
[EventType "team-tourn"]
[EventCountry "ITA"]
[SourceTitle "playchess.com"]
[Source "ChessBase"]
[SourceQuality "1"]
[TimeControl "40/5400+30:900+30"]

1. d4 Nf6 2. c4 g6 3. Nc3 Bg7 4. e4 d6 5. Nf3 O-O 6. Be2 e5 7. d5 a5 8. Bg5 h6 9. Bh4 Na6 10. Nd2 Qe8 11. a3 Bd7 12. b3 Nh7 13. O-O h5 14. f3 Bf6 15. Bf2 Bg5 16. Rb1 Qe7 17. Bd3 {[%emt 0:20:14] White has an edge.} f5 (17... h4 $11) 18. b4 $16 axb4 19. axb4 Nf6 20. c5 Bxd2 $2 {[%emt 0:06:22] [#] This costs Black the game.} (20... h4 $14) 21. Qxd2 $18 fxe4 22. Nxe4 ({But not} 22. Bxe4 Nxe4 23. Nxe4 Bf5) 22... Nxe4 23. Bxe4 Bf5 24. c6 Bxe4 25. fxe4 Rfb8 {[%emt 0:04:06] [#]} (25... bxc6 {keeps fighting.} 26. dxc6 Rfb8) 26. cxb7 Rxb7 27. Ra1 Rbb8 28. Ra3 Qe8 (28... Kg7 $142 29. Rfa1 Rxb4) 29. Rfa1 (29. Qh6 $142 {Bh4 would kill now.} Qf7 30. Rg3) 29... Qb5 (29... Nxb4 $142 30. Rxa8 Rxa8 31. Rxa8 Qxa8 32. Qxb4 g5) 30. Qh6 {[%emt 0:00:19] Weighted Error Value: White=0.70/Black=0.63.  Mistake:       	White=1     	Black=5      Inaccurate:     	White=2     	Black=1      OK:         	---       	Black=3      Best:        	White=2     	---} 1-0

[Event "CIS Master Groups 2024"]
[Site "Vasto"]
[Date "2024.04.10"]
[Round "4.13"]
[White "Socko, Bartosz"]
[Black "Glek, Igor"]
[Result "1/2-1/2"]
[ECO "A85"]
[WhiteElo "2565"]
[BlackElo "2409"]
[Annotator "TA"]
[PlyCount "167"]
[EventDate "2024.04.07"]
[EventType "team-tourn"]
[EventCountry "ITA"]
[SourceTitle "playchess.com"]
[Source "ChessBase"]
[SourceQuality "1"]
[TimeControl "40/5400+30:900+30"]

1. d4 e6 2. c4 f5 3. Nc3 Bb4 4. g3 Nf6 5. Bg2 O-O 6. Nf3 d6 {[%emt 0:06:08] A85: Dutch Defence: 2 c4 Nf6 3 Nc3.} 7. Qb3 Nc6 8. O-O Bxc3 9. Qxc3 Ne4 10. Qd3 Qf6 11. b3 $146 ({Predecessor:} 11. e3 e5 12. b3 exd4 13. exd4 Bd7 14. Bb2 Rae8 15. Rae1 a5 16. a3 Qh6 17. Re3 {1-0 Karl,H (2255)-Krouzel,J (2240) Imperia op-A 36th 1994 (8.17)}) 11... e5 12. Bb2 exd4 13. Nxd4 Nxd4 14. Bxd4 Qe7 15. Rae1 Bd7 16. f3 Ng5 17. h4 Ne6 18. f4 Bc6 19. Bxc6 bxc6 20. e4 Nxd4 21. Qxd4 c5 22. exf5 Qf7 23. Qc3 h5 {[%emt 0:02:52] [#]} (23... Rae8 $14) 24. Re6 $1 $16 Qxf5 25. Rfe1 Rf7 26. Kg2 Raf8 27. Qf3 a5 28. R6e4 Rf6 29. Rd1 ({White should try} 29. Kh2 $16) 29... Qg6 (29... Qg4 $14) 30. Rde1 Qf5 $1 31. R1e2 (31. Kh2 $16) 31... Kh7 (31... Qg4 $1 $14) 32. Kf2 Kg8 33. Re7 (33. Re8 {seems wilder.} Qg4 34. Qd5+ Kh7 35. Qg5) 33... R6f7 34. R7e3 Rf6 35. Rd2 Qg6 36. Rd5 Rf5 37. Re7 R8f7 38. Re8+ Kh7 39. Rxf5 Qxf5 40. Qa8 (40. Qc3 $16) 40... Qc2+ 41. Re2 Qf5 (41... Qd3 $14) 42. Kg2 $2 (42. Qxa5 $18 {Threatens to win with Qc3.} g5 43. hxg5) 42... Qd3 $1 $11 43. Re8 Qc2+ 44. Kh3 Qf5+ 45. Kh2 a4 46. Qf3 axb3 47. axb3 Qc2+ 48. Re2 Qf5 49. Kg2 Rf6 50. Rd2 g6 51. Qc6 Rf7 52. Qe8 Kg7 53. Qe3 Qf6 54. Re2 Qa1 55. Qd3 Qf6 56. Qe4 Qf5 57. Qf3 Qf6 58. Qe3 Qa1 59. Qd2 Qf6 60. Qe1 Qf5 61. Re4 Qf6 62. Qe2 Qc3 63. Re3 Qd4 64. Re6 Rf6 65. Re8 Rf7 66. Kh2 Qc3 67. Re3 Qd4 68. Re6 Rf6 69. Re4 Qc3 70. Re7+ Rf7 71. f5 Qf6 72. Rxf7+ Kxf7 73. fxg6+ Kxg6 74. Qe8+ Kh6 75. Qe3+ Kg6 76. Kg2 Qf5 77. Qe8+ Kh6 78. Qe2 Kg6 79. Kh2 Kf6 80. Kg2 Kg6 81. Qe8+ Kh6 82. Qh8+ Kg6 83. Qe8+ Kh6 84. Qh8+ 1/2-1/2